 Dungeon Crawl Stone Soup version 0.24.1-14-gf8d2b509d9 (webtiles) character file.

Game seed: 12180954310932263777, levelgen mode: deterministic

570221 MajorAdolf the Warrior (level 26, -25/286 HPs)
             Began as a Naga Wanderer on May 16, 2020.
             Was an Initiate of Gozag.
             Killed from afar by an orb of fire (62 damage)
             ... with a bolt of fire
             ... on level 1 of the Realm of Zot on May 17, 2020.
             The game lasted 02:38:19 (60756 turns).

MajorAdolf the Warrior (Naga Wanderer)             Turns: 60756, Time: 02:38:20

Health: -25/286    AC: 51    Str: 24      XL:     26   Next: 94%
Magic:  33/33      EV: 10    Int: 25      God:    Gozag
Gold:   15166      SH: 27    Dex: 12 (13) Spells: 25/25 levels left

rFire    . . .     SeeInvis +   E - +9 broad axe (chop)
rCold    + + +     Gourm    .   g - +7 large shield {AC+3}
rNeg     + . .     Faith    .   A - +3 plate armour {rC+}
rPois    +         Spirit   .   V - +0 helmet of the Trout {rC++}
rElec    .         Reflect  .   F - +1 cloak of the Hippo {rC+ Regen+}
rCorr    .         Harm     .   t - +0 pair of gloves
MR       ++++.                  r - +3 naga barding "Raxt" {*Slow rN+ Regen+ Slay+4}
Stlth    ..........             G - amulet of regeneration
HPRegen  1.77/turn              X - ring of Robustness {AC+8}
MPRegen  0.23/turn              Y - ring "Uvacesk" {MR+ Str+4 Int+8 Dex+2}

@: gold aura, very slow
A: large, see invisible, deformed body, deterioration 2, low mp 1, poison
resistance, robust 1, slowness 2, slow metabolism 1, spit poison 1, weak 1,
subdued magic 1, constrict 1, AC +8
}: 3/15 runes: barnacled, silver, gossamer
a: Spit Poison, Potion Petition, Call Merchant, Bribe Branch, Renounce Religion


You were on level 1 of the Realm of Zot.
You worshipped Gozag.
Gozag was extremely pleased with you.
You were hungry.

You visited 11 branches of the dungeon, and saw 47 of its levels.
You visited the Abyss 1 time.
You also visited: Sewer and Ice Cave.

You collected 34520 gold pieces.
You spent 11117 gold pieces at shops.
You paid 8237 gold pieces to Gozag.

Inventory:

Hand Weapons
 E - a +9 broad axe of chopping (weapon)
 Z - a +0 broad axe of flaming
Armour
 g - a +7 large shield of protection (worn)
 r - the +3 naga barding "Raxt" (worn) {*Slow rN+ Regen+ Slay+4}
   (You found it on level 10 of the Dungeon)

   It affects your accuracy and damage with ranged weapons and melee attacks
   (+4).
   It protects you from negative energy.
   It increases your rate of regeneration.
   It may slow you when you take damage.
 t - a +0 pair of gloves (worn)
 A - a +3 plate armour of cold resistance (worn)
 F - the +1 cloak of the Hippo (worn) {rC+ Regen+}
   (You found it on level 5 of the Vaults)

   It protects you from cold.
   It increases your rate of regeneration.
 V - the +0 helmet of the Trout (worn) {rC++}
   (You found it on level 3 of the Depths)

   It greatly protects you from cold.
Jewellery
 d - an uncursed amulet of magic regeneration
 h - an uncursed ring of protection from cold
 m - an uncursed amulet of rage
 y - an uncursed ring of resist corrosion
 G - an amulet of regeneration (around neck)
 Q - an uncursed ring of positive energy
 T - an uncursed ring of fire
 W - an uncursed ring of protection from fire
 X - the ring of Robustness (left hand) {AC+8}
   (You found it on level 1 of the Depths)

   [ring of protection]

   It affects your AC (+8).
 Y - the ring "Uvacesk" (right hand) {MR+ Str+4 Int+8 Dex+2}
   (You bought it in a shop on level 1 of the Elven Halls)

   [ring of strength]

   It affects your strength (+4).
   It affects your intelligence (+8).
   It affects your dexterity (+2).
   It affects your resistance to hostile enchantments.
Wands
 i - a wand of digging (20)
 H - a wand of clouds (11)
 L - a wand of paralysis (27)
 M - a wand of iceblast (26)
 R - a wand of disintegration (9)
 U - a wand of acid (19)
Scrolls
 b - 6 scrolls of fog
 c - 14 scrolls of teleportation
 e - 20 scrolls of remove curse
 j - 4 scrolls of enchant weapon
 p - 10 scrolls of magic mapping
 u - 6 scrolls of fear
 B - a scroll of holy word
 D - 2 scrolls of silence
 K - 23 scrolls of identify
 O - 6 scrolls of vulnerability
 P - a scroll of summoning
 S - 6 scrolls of amnesia
Potions
 k - 3 potions of resistance
 l - 2 potions of ambrosia
 n - 17 potions of curing
 q - 3 potions of brilliance
 v - 4 potions of invisibility
 w - 3 potions of cancellation
 x - a potion of magic
 z - 4 potions of flight
 C - 8 potions of might
 I - 4 potions of heal wounds
 J - 7 potions of agility
 N - 7 potions of haste
Miscellaneous
 a - 2 sacks of spiders
 o - a lightning rod (1/4)
 s - a lamp of fire
Comestibles
 f - 37 rations


   Skills:
 + Level 19.8 Fighting
 - Level 18.0 Axes
   Level 1.0(12.2) Maces & Flails
 + Level 17.2 Armour
 + Level 16.0 Dodging
 - Level 1.5 Stealth
 - Level 15.0 Shields
 + Level 19.7 Evocations


You had 25 spell levels left.
You didn't know any spells.
Your spell library contained the following spells:

 Spells                   Type           Power        Failure   Level  Hunger
 Animate Skeleton         Necr           N/A          63%         1    ##.....
 Apportation              Tloc           #.....       63%         1    ##.....
 Confusing Touch          Hex            #.....       63%         1    ##.....
 Freeze                   Ice            #...         63%         1    ##.....
 Infusion                 Chrm           #...         63%         1    ##.....
 Magic Dart               Conj           #...         63%         1    ##.....
 Shock                    Conj/Air       #...         63%         1    ##.....
 Summon Butterflies       Summ           #.......     63%         1    ##.....
 Summon Small Mammal      Summ           #...         63%         1    ##.....
 Call Imp                 Summ           #.......     77%         2    ###....
 Ensorcelled Hibernation  Hex/Ice        #.....       77%         2    ###....
 Passwall                 Tmut/Erth      #.......     77%         2    ###....
 Searing Ray              Conj           #.....       77%         2    ###....
 Shroud of Golubria       Chrm/Tloc      #.....       77%         2    ###....
 Song of Slaying          Chrm           #.......     77%         2    ###....
 Swiftness                Chrm/Air       #.......     77%         2    ###....
 Throw Frost              Conj/Ice       #.....       77%         2    ###....
 Call Canine Familiar     Summ           #.......     94%         3    ####...
 Confuse                  Hex            #.......     94%         3    ####...
 Conjure Flame            Conj/Fire      #.......     94%         3    ####...
 Dazzling Spray           Conj/Hex       #.....       94%         3    ####...
 Gell's Gravitas          Tloc           #.........   94%         3    ####...
 Lesser Beckoning         Tloc           #.........   94%         3    ####...
 Ozocubu's Armour         Chrm/Ice       #.......     94%         3    ####...
 Portal Projectile        Hex/Tloc       #.....       94%         3    ####...
 Recall                   Summ/Tloc      N/A          94%         3    ####...
 Regeneration             Chrm/Necr      #.........   94%         3    ####...
 Spectral Weapon          Hex/Chrm       #.......     94%         3    ####...
 Stone Arrow              Conj/Erth      #.....       94%         3    ####...
 Summon Guardian Golem    Hex/Summ       #.......     94%         3    ####...
 Tukima's Dance           Hex            #.......     94%         3    ####...
 Animate Dead             Necr           N/A          100%        4    #####..
 Cause Fear               Hex            #.........   100%        4    #####..
 Force Lance              Conj/Tloc      #.......     100%        4    #####..
 Fulminant Prism          Conj/Hex       #.........   100%        4    #####..
 Ice Form                 Ice/Tmut       #.......     100%        4    #####..
 Iskenderun's Mystic Bla  Conj           #.......     100%        4    #####..
 Leda's Liquefaction      Hex/Erth       #.........   100%        4    #####..
 Passage of Golubria      Tloc           N/A          100%        4    #####..
 Petrify                  Tmut/Erth      #.......     100%        4    #####..
 Sticky Flame             Conj/Fire      #.......     100%        4    #####..
 Summon Ice Beast         Ice/Summ       #.......     100%        4    #####..
 Summon Lightning Spire   Summ/Air       #.......     100%        4    #####..
 Throw Icicle             Conj/Ice       #.......     100%        4    #####..
 Alistair's Intoxication  Tmut/Pois      #.......     100%        5    ######.
 Bolt of Magma            Conj/Fire/Erth #.........   100%        5    ######.
 Borgnjor's Vile Clutch   Necr/Erth      #.........   100%        5    ######.
 Dispel Undead            Necr           #.......     100%        5    ######.
 Excruciating Wounds      Chrm/Necr      #.........   100%        5    ######.
 Iskenderun's Battlesphe  Conj/Chrm      #.......     100%        5    ######.
 Lee's Rapid Deconstruct  Erth           #.........   100%        5    ######.
 Metabolic Englaciation   Hex/Ice        #.........   100%        5    ######.
 Silence                  Hex/Air        #.........   100%        5    ######.
 Summon Forest            Summ/Tloc      #.........   100%        5    ######.
 Summon Mana Viper        Hex/Summ       #.......     100%        5    ######.
 Venom Bolt               Conj/Pois      #.........   100%        5    ######.
 Yara's Violent Unravell  Hex/Tmut       #.........   100%        5    ######.
 Bolt of Cold             Conj/Ice       #.........   100%        6    #######
 Conjure Ball Lightning   Conj/Air       #.........   100%        6    #######
 Darkness                 Hex            #.........   100%        6    #######
 Death Channel            Necr           #.........   100%        6    #######
 Deflect Missiles         Chrm/Air       #.........   100%        6    #######
 Dispersal                Tloc           #.........   100%        6    #######
 Freezing Cloud           Conj/Ice/Air   #.........   100%        6    #######
 Invisibility             Hex            #.......     100%        6    #######
 Iron Shot                Conj/Erth      #.........   100%        6    #######
 Ozocubu's Refrigeration  Ice            #.........   100%        6    #######
 Simulacrum               Ice/Necr       #.........   100%        6    #######
 Statue Form              Tmut/Erth      #........    100%        6    #######
 Malign Gateway           Summ/Tloc      #.........   100%        7    #######
 Orb of Destruction       Conj           #.........   100%        7    #######
 Spellforged Servitor     Conj/Summ      #.........   100%        7    #######
 Summon Hydra             Summ           #.........   100%        7    #######
 Discord                  Hex            #.........   100%        8    #######
 Shatter                  Erth           #.........   100%        9    #######
 Tornado                  Air            #.........   100%        9    #######


Dungeon Overview and Level Annotations

Branches:
Dungeon (15/15)            Temple (1/1) D:5            Lair (6/6) D:10
 Shoals (4/4) Lair:3       Spider (4/4) Lair:4        Slime (0/5) Lair:5
    Orc (2/2) D:9             Elf (3/3) Orc:2        Vaults (5/5) D:13
  Crypt (1/3) Vaults:2     Depths (5/5) D:15            Zot (2/5) Depths:5
  Sewer (visited)           IceCv (visited)

Altars:
Ashenzari
Cheibriados
Dithmenos
Elyvilon
Fedhas
Gozag
Hepliaklqana
Kikubaaqudgha
Makhleb
Nemelex Xobeh
Okawaru
Qazlal
Ru
Sif Muna
Trog
Uskayaw
Vehumet
Wu Jian
Xom
Yredelemnul
Zin
The Shining One
Beogh

Shops:
D:4 (=   D:14 ?}   D:15 [   Orc:1 *   Orc:2 *[:(   Elf:1 (}=   Elf:2 }
Lair:3 *}   Lair:6 *   Vaults:1 =*!   Vaults:3 (([**%=   Depths:1 *

Portals:
Hell: Depths:2
Abyss: Depths:3
Ziggurat: Depths:5
Trove: D:13 (give 4 potions of resistance)

Annotations:
D:3 2 runed translucent doors, egg's ghost, amateur DrWn
D:14 3 runed translucent doors, PIKKUHERKKO's ghost, journeyman HOMo
Lair:4 exclusion: 3 oklob plants
Lair:5 exclusion: 2 oklob plants
Elf:1 6 runed translucent doors


Innate Abilities, Weirdness & Mutations

You cannot wear boots.
Your serpentine skin is tough. (AC +8)
You have supernaturally acute eyesight. (SInv)
Armour fits poorly on your strangely shaped body.
Your system is resistant to poisons. (rPois)
You cover ground very slowly.
You have a slow metabolism.
You can spit poison.
You can use your snake-like lower body to constrict enemies.
Your body often deteriorates upon taking damage.
Your magical capacity is low. (-10% MP)
You are robust. (+10% HP)
You are weak. (Str -2)
Your spells are a little easier to cast, but a little less powerful.


Message History

The fireball explodes!
The fireball engulfs you!!!
* * * LOW HITPOINT WARNING * * *
Your body deteriorates!
You feel clumsy.
The fireball engulfs the orb of fire.
The orb of fire completely resists.
Evoke which item? (* to show all) (? for menu, Esc to quit)
Aiming: Iceblast
Press: ? - help, Shift-Dir - straight line, p - orb of fire The mass of ice explodes!
The iceblast engulfs the orb of fire!
The orb of fire partially resists.
The orb of fire is moderately damaged.
Evoke which item? (* to show all) (? for menu, Esc to quit)
Aiming: Iceblast
Press: ? - help, Shift-Dir - straight line The mass of ice explodes!
The iceblast engulfs the orb of fire!!
The orb of fire partially resists.
The orb of fire is heavily damaged.
The orb of fire emits a lurid red light.
The bolt of fire hits you!!!
You die...
Your body crumbles into a pile of gold.

###...#
##....### #
#.......#### ##
#..........# .##
#..........#
#.##
###....#...#
##.##
######......###
##.##
#...##.$....#
##.##
#......@$...#
##.##
#......*.####
##.######.....##
##.#...##.....#
##....##.....#
#.....###....#
#..))####)..##
#...)..##...#
####...##...###


You could see an orb of fire.

Vanquished Creatures
  2 ancient liches (Vaults:5)
  An orb of fire (Zot:1)
  Mara (Vaults:5)
  Frederick (Vaults:3)
  Bai Suzhen (Depths:2)
  Saint Roka (Vaults:5)
  3 golden dragons
  3 bone dragons (Depths:5)
  An electric golem (Zot:1)
  7 tentacled monstrosities
  Jorgrun (Orc:1)
  4 liches
  4 deep elf blademasters
  3 quicksilver dragons
  6 titans
  3 deep elf master archers
  A tentacled starspawn (Abyss:2)
  Polyphemus (Shoals:2)
  A kraken (Shoals:4)
  7 sphinxes
  A shadow dragon (shapeshifter) (Vaults:5)
  Donald (Orc:2)
  5 shadow dragons
  3 tengu reavers
  A storm dragon (Vaults:5)
  2 draconian monks (Zot:1)
  Ilsuiw (Shoals:3)
  11 fire giants
  10 vault wardens
  2 iron dragons
  7 frost giants
  Aizul (Spider:1)
  4 ghost moths (Spider:4)
  9 deep elf sorcerers
  A draconian knight (Depths:5)
  2 draconian scorchers
  6 emperor scorpions (Spider:4)
  A ghoul (Vaults:5)
  2 orc warlords
  7 deep elf elementalists
  A draconian shifter (Zot:1)
  2 draconian stormcallers
  2 spriggan defenders (Depths:2)
  18 ironheart preservers
  2 war gargoyles
  14 stone giants
  35 very ugly things
  3 green draconians (Zot:1)
  6 entropy weavers
  A vampire knight (Depths:3)
  2 black draconians
  3 yellow draconians (Zot:1)
  15 deep elf demonologists
  11 deep elf annihilators
  Nessos (D:13)
  3 purple draconians (Zot:1)
  2 red draconians (Depths:5)
  A spark wasp (shapeshifter) (Vaults:5)
  4 white draconians
  8 merfolk javelineers
  5 crystal guardians (Depths:3)
  11 ettins
  A green death (Abyss:2)
  20 yaktaur captains
  7 deep elf death magi
  9 deep elf high priests
  7 fire dragons
  5 great orbs of eyes
  7 merfolk impalers
  11 ogre magi
  2 rakshasas
  30 vault guards
  10 ice dragons
  6 spriggan air magi
  Harold (D:8)
  6 merfolk aquamancers
  2 catoblepae
  11 hydras
  7 centaur warriors
  4 merfolk avatars
  6 tengu warriors
  4 death knights
  41 two-headed ogres
  6 deep troll shamans
  10 death yaks
  5 spriggan berserkers
  11 deep troll earth magi
  3 orc high priests (Orc:2)
  4 vampire magi
  4 thrashing horrors (Abyss:2)
  12 hell knights
  Urug (D:10)
  34 deep elf knights
  A shadow wraith (Vaults:3)
  A wretched star (Abyss:2)
  11 iron trolls
  19 skeletal warriors
  A salamander mystic (Depths:1)
  16 sea snakes
  A sea snake (shapeshifter) (Depths:1)
  A spatial maelstrom (Abyss:2)
  A death drake (shapeshifter) (Depths:1)
  26 deep trolls
  2 unseen horrors (shapeshifter)
  6 flayed ghosts
  5 unseen horrors
  An orange crystal statue (Vaults:2)
  A swamp dragon (Lair:6)
  7 wizards
  15 ironbrand convokers
  35 deep elf archers
  2 phantasmal warriors
  A lindwurm (Lair:6)
  A mana viper (shapeshifter) (Depths:1)
  14 harpies
  A tengu zombie (Vaults:5)
  45 ugly things
  A faun (Shoals:3)
  19 orc knights
  6 necromancers
  A wolf spider (shapeshifter) (Vaults:5)
  9 orc sorcerers
  A shining eye (shapeshifter) (Depths:2)
  16 orb spiders
  2 salamanders (Depths:1)
  35 wolf spiders
  10 manticores
  12 cyclopes
  84 deep elf magi
  10 merfolk sirens
  A worldbinder (Abyss:2)
  4 water nymphs
  10 elephants
  4 moths of wrath (Zot:1)
  6 black mambas
  2 ice statues (IceCv)
  A smoke demon (Abyss:2)
  2 human skeletons
  A moth of wrath (shapeshifter) (Depths:3)
  13 vault sentinels
  10 spiny frogs
  A gargoyle (D:13)
  An orange demon (Abyss:2)
  A torpor snail (shapeshifter) (D:13)
  2 rime drakes
  A spiny frog (shapeshifter) (Vaults:5)
  2 kobold demonologists
  A rime drake (shapeshifter) (Vaults:2)
  12 demonic crawlers
  8 freezing wraiths
  A yaktaur zombie (Vaults:5)
  8 komodo dragons
  A yaktaur (shapeshifter) (Depths:5)
  2 ancient zymes
  4 tengu conjurers
  29 yaktaurs
  22 merfolk
  A queen bee (shapeshifter) (Elf:1)
  37 jumping spiders
  A wind drake (shapeshifter) (Depths:2)
  3 polar bears (shapeshifter)
  2 polar bears
  13 trolls
  5 wind drakes
  15 hornets
  Grinder (D:4)
  23 blink frogs
  A tengu simulacrum (Vaults:5)
  A merfolk (shapeshifter) (Depths:5)
  29 slime creatures
  10 dream sheep
  5 snapping turtles
  4 raiju (Abyss:2)
  2 stone giant simulacra
  A hippogriff (shapeshifter) (D:13)
  7 hippogriffs
  4 flying skulls (Abyss:2)
  5 shadows
  3 air elementals
  19 tarantellas
  75 redbacks
  2 spriggans
  A redback (shapeshifter) (Vaults:5)
  A vampire (D:11)
  7 wyverns
  10 water elementals
  51 yaks
  Sigmund (D:4)
  10 wraiths
  A ynoxinul (Abyss:2)
  Eustachio (D:3)
  A yak (shapeshifter) (D:12)
  A basilisk (shapeshifter) (Depths:1)
  3 basilisks
  3 steam dragons (Lair:6)
  19 humans (D:13)
  2 vampire mosquitoes (D:14)
  4 fire elementals
  A chaos spawn (Abyss:2)
  An elf skeleton (Depths:3)
  4 hungry ghosts
  10 wargs
  An acid dragon (shapeshifter) (Vaults:5)
  A soldier ant (D:11)
  7 acid dragons
  12 water moccasins
  Purgy (Sewer)
  4 porcupines
  A swamp drake (Lair:6)
  4 large abominations (Abyss:2)
  37 ogres
  19 ice beasts
  54 orc warriors
  3 phantoms
  2 black bears
  A necrophage (D:13)
  A spriggan simulacrum (Depths:3)
  5 sky beasts
  2 eyes of draining
  18 wolves
  A boggart (shapeshifter) (Vaults:5)
  5 boggarts (Depths:1)
  15 centaurs
  8 crocodiles
  8 big kobolds
  26 bullfrogs
  A bullfrog (shapeshifter) (Vaults:2)
  3 gnoll sergeants
  2 earth elementals
  A water moccasin zombie (D:8)
  6 scorpions
  9 killer bees
  9 wights
  6 howler monkeys
  2 electric eels
  9 centaur zombies
  11 crimson imps
  2 bullfrog zombies
  4 quasits
  3 jellies
  9 centaur skeletons
  35 orc priests
  12 hounds
  3 bullfrog skeletons
  6 iguanas
  49 orc wizards
  19 worker ants
  A hound zombie (D:7)
  4 small abominations (Abyss:2)
  A hound skeleton (D:8)
  25 gnolls
  17 adders
  3 shadow imps
  An ooze (D:2)
  3 worms
  4 dart slugs
  4 leopard geckos
  143 orcs
  16 bats
  10 giant cockroaches
  30 hobgoblins
  16 jackals
  19 kobolds
  3 quokkas
  5 frilled lizards
  28 goblins
  A leopard gecko skeleton (D:6)
  A leopard gecko zombie (D:9)
  7 rats
  A rat (shapeshifter) (Vaults:5)
  A butterfly (Lair:1)
  3 fungi
  19 plants
  A starspawn tentacle (Abyss:2)
  3 tentacles (Shoals:4)
2344 creatures vanquished.

Vanquished Creatures (collateral kills)
  A yak (D:7)
  2 orc warriors (Orc:1)
  An ogre (Orc:1)
  An orc priest (D:6)
  An orc wizard (D:3)
  A leopard gecko (D:6)
  5 orcs
12 creatures vanquished.

Vanquished Creatures (others)
  28 dancing weapons
  A necromancer (Depths:1)
  A rime drake (Lair:6)
  Grum (D:9)
  An elf simulacrum (Depths:3)
  An orc (D:4)
  5 fungi
  6 plants
  2 starspawn tentacles (Abyss:2)
  3 tentacles (Shoals:4)
49 creatures vanquished.

Grand Total: 2405 creatures vanquished

Notes
Turn   | Place    | Note
-------+----------+-------------------------------------------
     0 | D:1      | MajorAdolf the Naga Wanderer began the quest for the Orb.
     0 | D:1      | MajorAdolf set off with the following items: a +0 hand axe,
                  | a +0 shield, a scroll of teleportation, a +0 robe, a ration
     0 | D:1      | Reached XP level 1. HP: 19/19 MP: 1/1
   449 | D:1      | Reached XP level 2. HP: 26/26 MP: 2/2
  1456 | D:2      | Reached XP level 3. HP: 30/32 MP: 3/3
  1866 | D:2      | Reached XP level 4. HP: 39/39 MP: 4/4
  3181 | D:3      | Reached XP level 5. HP: 19/46 MP: 5/5
  3196 | D:3      | Found a glowing drain.
  3238 | Sewer    | Entered a sewer
  3404 | Sewer    | Noticed Purgy
  3438 | Sewer    | Killed Purgy
  3438 | Sewer    | Reached XP level 6. HP: 18/56 MP: 6/6
  4550 | D:3      | Found a large runed translucent door.
  4550 | D:3      | Found a large runed translucent door.
  4551 | D:3      | Noticed egg's ghost (amateur DrWn)
  4751 | D:4      | Found Sizyonih's Weapon Boutique.
  4754 | D:4      | Bought a +0 hand axe of flaming for 96 gold pieces
  4786 | D:4      | Reached skill level 1 in Evocations
  4856 | D:4      | Found a stormy altar of Qazlal.
  4863 | D:4      | Noticed Eustachio
  5113 | D:4      | Noticed Sigmund
  5165 | D:4      | Killed Sigmund
  5165 | D:4      | Reached XP level 7. HP: 38/63 MP: 6/8
  5357 | D:3      | Killed Eustachio
  5452 | D:4      | Reached skill level 5 in Axes
  5476 | D:4      | Found Molup's Jewellery Shop.
  5487 | D:4      | Bought a +2 ring of protection for 140 gold pieces
  5487 | D:4      | Bought a +1 ring of protection for 42 gold pieces
  5817 | D:4      | Found a shimmering altar of Xom.
  5946 | D:3      | Reached XP level 8. HP: 69/73 MP: 9/9
  6091 | D:4      | Noticed Grinder
  6095 | D:4      | Killed Grinder
  6339 | D:5      | Entered Level 5 of the Dungeon
  6632 | D:5      | Reached skill level 5 in Fighting
  6765 | D:5      | Found a staircase to the Ecumenical Temple.
  6786 | Temple   | Entered the Ecumenical Temple
  7636 | D:4      | Reached XP level 9. HP: 71/81 MP: 11/11
  7731 | D:5      | Found an ancient bone altar of Kikubaaqudgha.
  7735 | D:5      | Found Ilehal's Food Emporium.
  8556 | Temple   | Became a worshipper of Gozag Ym Sagoz the Greedy
  9201 | D:7      | Reached skill level 5 in Shields
  9847 | D:7      | Reached skill level 5 in Evocations
  9862 | D:6      | Reached skill level 5 in Armour
 10204 | D:7      | Reached XP level 10. HP: 66/92 MP: 13/13
 11169 | D:4      | Gained mutation: You are robust. (+10% HP) [potion of
                  | mutation]
 11169 | D:4      | Gained mutation: You are agile. (Dex +2) [potion of
                  | mutation]
 11582 | D:8      | Noticed a two-headed ogre
 11820 | D:8      | Found a sacrificial altar of Ru.
 12022 | D:4      | Bought an uncursed amulet of rage for 560 gold pieces
 13955 | D:8      | Noticed Harold
 14900 | D:8      | Killed Harold
 14900 | D:8      | Reached XP level 11. HP: 112/112 MP: 14/16
 15428 | D:8      | Killed a two-headed ogre
 15711 | D:9      | Found a glowing golden altar of the Shining One.
 17190 | D:9      | Found a staircase to the Orcish Mines.
 17218 | D:9      | Found a bloodstained altar of Trog.
 17395 | D:9      | Found a radiant altar of Vehumet.
 17396 | D:9      | Found a sparkling altar of Nemelex Xobeh.
 17396 | D:9      | Found an iron altar of Okawaru.
 18141 | D:9      | Noticed Grum
 18171 | D:9      | Your ally died
 18774 | D:9      | Noticed a deep elf mage
 18892 | D:10     | Entered Level 10 of the Dungeon
 19130 | D:9      | Killed a deep elf mage
 19676 | D:10     | Noticed Urug
 19694 | D:10     | Killed Urug
 20053 | Orc:1    | Entered Level 1 of the Orcish Mines
 20140 | Orc:1    | Noticed an ettin
 20241 | D:10     | Reached XP level 12. HP: 121/123 MP: 18/18
 20398 | D:10     | Found a staircase to the Lair.
 20764 | D:10     | Reached skill level 1 in Dodging
 21482 | D:10     | Got a dazzling naga barding
 21488 | D:10     | Identified the +3 naga barding "Raxt" {*Slow rN+ Regen+
                  | Slay+4} (You found it on level 10 of the Dungeon)
 21513 | D:10     | Noticed a two-headed ogre
 21520 | D:10     | Killed a two-headed ogre
 21910 | Lair:1   | Entered Level 1 of the Lair of Beasts
 22178 | Orc:1    | Killed an ettin
 22201 | Orc:1    | Noticed Jorgrun
 22310 | Orc:1    | Killed Jorgrun
 22686 | Orc:2    | Entered Level 2 of the Orcish Mines
 22921 | Orc:2    | Reached skill level 10 in Axes
 22922 | Orc:2    | Found a staircase to the Elven Halls.
 22985 | Orc:2    | Noticed an orc warlord
 23155 | D:5      | Bought a ration for 60 gold pieces
 23155 | D:5      | Bought a ration for 60 gold pieces
 23155 | D:5      | Bought a ration for 60 gold pieces
 23155 | D:5      | Bought a ration for 60 gold pieces
 23155 | D:5      | Bought a ration for 60 gold pieces
 23155 | D:5      | Bought a ration for 60 gold pieces
 23155 | D:5      | Bought a ration for 60 gold pieces
 23155 | D:5      | Bought a ration for 60 gold pieces
 23155 | D:5      | Bought a ration for 60 gold pieces
 23155 | D:5      | Bought a ration for 60 gold pieces
 23155 | D:5      | Bought a ration for 60 gold pieces
 23439 | Orc:2    | Noticed Donald
 23471 | Orc:1    | Bought a scroll of magic mapping for 94 gold pieces
 23471 | Orc:1    | Bought a scroll labeled ZIB LEPACVEUTA for 27 gold pieces
 23471 | Orc:1    | Bought a scroll labeled DUQEVE JATHRO for 27 gold pieces
 23634 | Orc:1    | Killed an orc warlord
 23634 | Orc:1    | Gained mutation: You can use your snake-like lower body to
                  | constrict enemies. [Naga growth]
 23634 | Orc:1    | Reached XP level 13. HP: 135/135 MP: 19/19
 23808 | Orc:2    | Killed Donald
 23873 | Orc:2    | Reached skill level 10 in Fighting
 23879 | Orc:2    | Paralysed by an orc sorcerer for 4 turns
 23998 | Orc:2    | Noticed an orc warlord
 24022 | Orc:2    | Killed an orc warlord
 24511 | Orc:2    | Found Wesie's Antique Armour Emporium.
 24512 | Orc:2    | Found Qaacwikh's Antique Weapon Shoppe.
 24513 | Orc:2    | Found Anleom's General Store.
 24513 | Orc:2    | Found Fidwaz's Book Emporium.
 24517 | Orc:2    | Bought a scroll of identify for 26 gold pieces
 24517 | Orc:2    | Bought a potion of might for 52 gold pieces
 24517 | Orc:2    | Bought a scroll of magic mapping for 45 gold pieces
 24517 | Orc:2    | Bought a scroll of teleportation for 39 gold pieces
 24528 | Orc:2    | Bought a faintly humming chain mail for 294 gold pieces
 24528 | Orc:2    | Bought an ancient chain mail for 294 gold pieces
 24529 | Orc:2    | Bought a runed broad axe for 210 gold pieces
 24539 | Orc:2    | Identified the cursed +1 chain mail "Gucam" {Slay+3} (You
                  | bought it in a shop on level 2 of the Orcish Mines)
 24550 | Orc:2    | Identified the +2 chain mail "Oceyfeyh" {rPois Str+5} (You
                  | bought it in a shop on level 2 of the Orcish Mines)
 25618 | Lair:2   | Reached skill level 10 in Evocations
 25841 | Lair:2   | Reached skill level 5 in Dodging
 25852 | Lair:2   | Reached XP level 14. HP: 126/146 MP: 21/21
 26819 | Lair:3   | Found a frozen archway.
 26857 | IceCv    | Entered an ice cave
 26867 | IceCv    | Found a transporter.
 26928 | IceCv    | Found a transporter.
 27417 | Lair:3   | Found a staircase to the Shoals.
 27567 | Lair:3   | Identified a scroll of acquirement
 27573 | Lair:3   | Bought a wand of enslavement (5) for 91 gold pieces
 27573 | Lair:3   | Bought a wand of clouds (7) for 429 gold pieces
 27573 | Lair:3   | Bought a wand of clouds (3) for 273 gold pieces
 27573 | Lair:3   | Bought a wand of flame (11) for 84 gold pieces
 27575 | Lair:3   | Bought a scroll of teleportation for 84 gold pieces
 27575 | Lair:3   | Bought a potion of heal wounds for 140 gold pieces
 27575 | Lair:3   | Bought a scroll of enchant weapon for 210 gold pieces
 28319 | Lair:4   | Found a hole to the Spider Nest.
 29247 | Lair:5   | Found a staircase to the Slime Pits.
 29467 | Lair:6   | Entered Level 6 of the Lair of Beasts
 29910 | Lair:6   | Reached XP level 15. HP: 113/156 MP: 23/23
 30182 | Lair:6   | Reached skill level 10 in Armour
 30966 | Lair:6   | Bought a scroll of identify for 26 gold pieces
 31242 | D:11     | You fall into a shaft and drop 1 floor!
 31543 | D:12     | Found a hide-covered altar of Uskayaw.
 31893 | D:13     | Noticed Nessos
 31917 | D:13     | Killed Nessos
 32349 | D:13     | Found a gate to the Vaults.
 32392 | D:13     | Got an encrusted war axe
 32397 | D:13     | Identified the +3 war axe "Wuodag" {chop, MR+} (You found
                  | it on level 13 of the Dungeon)
 32537 | D:13     | Reached XP level 16. HP: 158/168 MP: 25/25
 33166 | D:13     | Found a portal to a secret trove of treasure.
 33545 | D:14     | Noticed PIKKUHERKKO's ghost (journeyman HOMo)
 33546 | D:14     | Found a runed translucent gate.
 33546 | D:14     | Identified the +12 dire flail "Fiber" {drain, Int+2 Dex+2}
 33546 | D:14     | Identified the +2 plate armour "Zeuffywy" {rF+ rCorr SInv}
 33547 | D:14     | Found a runed translucent gate.
 33548 | D:14     | Found a runed translucent gate.
 33648 | D:14     | Bought 2 scrolls of enchant armour for 180 gold pieces
 33648 | D:14     | Bought a scroll of acquirement for 624 gold pieces
 33661 | D:14     | Bought a scroll of acquirement for 624 gold pieces
 33661 | D:14     | Bought a scroll of identify for 24 gold pieces
 33661 | D:14     | Bought a scroll of identify for 24 gold pieces
 33661 | D:14     | Bought a scroll of silence for 90 gold pieces
 33661 | D:14     | Bought a scroll of identify for 24 gold pieces
 33661 | D:14     | Bought a scroll of vulnerability for 90 gold pieces
 33661 | D:14     | Bought a scroll of vulnerability for 90 gold pieces
 33691 | D:14     | Bought a wand of iceblast (7) for 176 gold pieces
 34261 | D:14     | Found a roughly hewn altar of Beogh.
 34264 | D:14     | Identified the +6 dagger of Opisuirph {vamp, rC+ MP+9
                  | Dex+4}
 34310 | D:15     | Entered Level 15 of the Dungeon
 34915 | D:15     | Found a staircase to the Depths.
 35088 | D:15     | Bought a shiny helmet for 247 gold pieces
 35088 | D:15     | Bought an embroidered cloak for 247 gold pieces
 35291 | Elf:1    | Entered Level 1 of the Elven Halls
 35295 | Elf:1    | Reached skill level 10 in Shields
 35765 | Elf:1    | Reached XP level 17. HP: 179/179 MP: 26/26
 35821 | Elf:1    | Found Denos's Jewellery Shoppe.
 35821 | Elf:1    | Found Ycael's Gadget Boutique.
 35822 | Elf:1    | Found Xonwatug's Jewellery Shoppe.
 35828 | Elf:1    | Bought a +4 ring of protection for 468 gold pieces
 35980 | Elf:1    | Found Dowkus's Weapon Shop.
 36267 | Elf:1    | Found a runed translucent gate.
 36267 | Elf:1    | Found a runed translucent gate.
 36267 | Elf:1    | Found a runed translucent gate.
 36267 | Elf:1    | Found a runed translucent gate.
 36267 | Elf:1    | Found a runed translucent gate.
 36269 | Elf:1    | Found a runed translucent gate.
 36782 | Elf:2    | Found a runed translucent gate.
 36782 | Elf:2    | Found a runed translucent gate.
 36783 | Elf:2    | Found a runed translucent gate.
 36890 | Elf:2    | Found Ukki's Gadget Boutique.
 36898 | Elf:2    | Bought a wand of iceblast (7) for 231 gold pieces
 37202 | Elf:3    | Entered Level 3 of the Elven Halls
 37566 | Elf:3    | Noticed an Ice Fiend
 37899 | Elf:2    | Noticed a deep elf blademaster
 37913 | Elf:2    | Killed a deep elf blademaster
 37913 | Elf:2    | Reached XP level 18. HP: 141/191 MP: 28/28
 38235 | Elf:3    | Noticed a deep elf blademaster
 38477 | Elf:3    | Killed a deep elf blademaster
 38493 | Elf:3    | Reached skill level 10 in Dodging
 38667 | Elf:3    | Noticed a deep elf blademaster
 38692 | Elf:3    | Killed a deep elf blademaster
 38935 | Elf:2    | Gained mutation: Your magical capacity is low. (-10% MP) [a
                  | cacodemon]
 38958 | Elf:3    | Noticed a deep elf master archer
 38979 | Elf:3    | Killed a deep elf master archer
 39175 | Elf:3    | Identified the +7 dagger of Qoicah {elec, rC+ Int+2}
 39259 | Elf:3    | Noticed a deep elf master archer
 39262 | Elf:3    | Noticed a deep elf blademaster
 39293 | Elf:2    | Killed a deep elf master archer
 39298 | Elf:2    | Killed a deep elf blademaster
 39496 | Elf:1    | Bought a wand of acid (7) for 330 gold pieces
 39496 | Elf:1    | Bought a wand of clouds (6) for 450 gold pieces
 39496 | Elf:1    | Bought a wand of polymorph (6) for 120 gold pieces
 39496 | Elf:1    | Bought a wand of acid (4) for 240 gold pieces
 39802 | Elf:3    | Reached XP level 19. HP: 178/201 MP: 26/26
 39904 | Elf:3    | Cast into level 2 of the Abyss (a deep elf demonologist)
 39905 | Abyss:2  | Found a corrupted altar of Lugonu.
 39998 | Abyss:2  | Paralysed by accursed screaming for 1 turns
 40000 | Abyss:2  | Found a corrupted altar of Lugonu.
 40352 | Elf:3    | Escaped the Abyss
 40680 | Elf:3    | Noticed an Ice Fiend
 40908 | Elf:3    | Identified the +10 whip of Doors {drain, +Rage rPois Str+4}
 41023 | Elf:3    | Identified Pomponk's Collected Works on Displacement and
                  | Execration
 41036 | Elf:3    | Reached skill level 15 in Axes
 41336 | Elf:3    | Got a spiked chain mail
 41348 | Elf:3    | Identified the cursed +1 chain mail of Somewhere Else
                  | {-Tele rN+++ Int-3 SInv} (You found it on level 3 of the
                  | Elven Halls)
 42160 | Shoals:1 | Entered Level 1 of the Shoals
 43090 | Shoals:2 | Noticed Polyphemus
 43136 | Shoals:3 | HP: 9/202 [water nymph/the raging water (7)]
 43142 | Shoals:3 | HP: 7/202 [death yak[Polyphemus] (6)]
 43300 | Shoals:2 | Killed Polyphemus
 43305 | Shoals:2 | Reached skill level 15 in Fighting
 43583 | Shoals:2 | You fall into a shaft and drop 1 floor!
 43677 | Shoals:4 | Entered Level 4 of the Shoals
 43733 | Shoals:4 | Reached XP level 20. HP: 201/213 MP: 26/27
 44541 | Shoals:4 | Identified Sif Muna's Collected Works on Sinister
                  | Bewitchment
 44777 | Shoals:4 | Got a barnacled rune of Zot
 44845 | Shoals:3 | Noticed Ilsuiw
 44854 | Shoals:3 | Killed Ilsuiw
 44854 | Shoals:3 | Reached skill level 15 in Evocations
 45067 | Spider:1 | Entered Level 1 of the Spider Nest
 45614 | Spider:1 | Noticed Aizul
 45629 | Spider:1 | Killed Aizul
 47612 | Spider:4 | Entered Level 4 of the Spider Nest
 47822 | Spider:4 | Reached XP level 21. HP: 222/222 MP: 29/29
 49024 | Spider:4 | Got a gossamer rune of Zot
 49823 | Elf:1    | Bought the ring "Uvacesk" {MR+ Str+4 Int+8 Dex+2} for 787
                  | gold pieces
 50087 | Vaults:1 | Entered Level 1 of the Vaults
 50106 | Vaults:1 | Found Ysaich's Distillery.
 50365 | Vaults:1 | Found Asanely's Jewellery Shoppe.
 51024 | Vaults:1 | Bought a potion of agility for 52 gold pieces
 51024 | Vaults:1 | Bought a potion of agility for 52 gold pieces
 51024 | Vaults:1 | Bought a potion of might for 52 gold pieces
 51024 | Vaults:1 | Bought 2 potions of agility for 104 gold pieces
 51024 | Vaults:1 | Bought a potion of curing for 39 gold pieces
 51024 | Vaults:1 | Bought a potion of curing for 39 gold pieces
 51024 | Vaults:1 | Bought 2 potions of curing for 78 gold pieces
 51024 | Vaults:1 | Bought a potion of flight for 39 gold pieces
 51095 | Vaults:1 | Found Zeegivae's Assorted Antiques.
 51106 | Vaults:1 | Bought a notched marble ring for 180 gold pieces
 51106 | Vaults:1 | Bought a scroll of enchant armour for 270 gold pieces
 51106 | Vaults:1 | Bought a potion of curing for 108 gold pieces
 51106 | Vaults:1 | Bought a scroll of fear for 126 gold pieces
 51544 | Vaults:2 | Reached XP level 22. HP: 219/234 MP: 26/30
 51938 | Vaults:2 | Found a staircase to the Crypt.
 51938 | Vaults:2 | Found an ancient bone altar of Kikubaaqudgha.
 51939 | Vaults:2 | Found a basalt altar of Yredelemnul.
 52821 | Crypt:1  | Entered Level 1 of the Crypt
 53069 | Vaults:3 | Noticed Frederick
 53082 | Vaults:3 | Killed Frederick
 53160 | Vaults:3 | Found Dyacs's Food Emporium.
 53169 | Vaults:3 | Found Hise's Jewellery Boutique.
 53181 | Vaults:3 | Bought an uncursed ring of resist corrosion for 260 gold
                  | pieces
 53368 | Vaults:3 | Found Varphiddi's Assorted Antiques.
 53376 | Vaults:3 | Reached XP level 23. HP: 201/245 MP: 25/31
 53394 | Vaults:3 | Bought a scroll of magic mapping for 129 gold pieces
 53394 | Vaults:3 | Bought a scroll of magic mapping for 129 gold pieces
 53409 | Vaults:3 | Found Xuno's General Store.
 53431 | Vaults:3 | Found Semenet's Armour Shoppe.
 53623 | Vaults:3 | Found Bihyebel's Weapon Emporium.
 53779 | Vaults:3 | Found Qukhlagg's Antique Weapon Emporium.
 53944 | Vaults:3 | Found Nugos's Assorted Antiques.
 53950 | Vaults:3 | Bought a scroll of teleportation for 66 gold pieces
 53950 | Vaults:3 | Bought a potion of resistance for 220 gold pieces
 53950 | Vaults:3 | Bought a scroll of enchant armour for 165 gold pieces
 55097 | Vaults:5 | Entered Level 5 of the Vaults
 55384 | Vaults:5 | Noticed a golden dragon
 55400 | Vaults:5 | Killed a golden dragon
 55449 | Vaults:5 | Reached skill level 15 in Armour
 55530 | Vaults:5 | Reached XP level 24. HP: 252/257 MP: 32/32
 55556 | Vaults:5 | Identified the Grimoire of Unholy Arcane Weapons
 55560 | Vaults:5 | Got a silver rune of Zot
 55603 | Vaults:5 | Noticed Mara
 55618 | Vaults:5 | Noticed MajorAdolf's illusion
 55628 | Vaults:5 | Killed Mara
 55637 | Vaults:5 | Noticed an ancient lich
 55671 | Vaults:5 | Killed an ancient lich
 55676 | Vaults:5 | Noticed a caustic shrike
 55765 | Vaults:5 | Noticed an ancient lich
 55803 | Vaults:5 | Noticed Saint Roka
 55814 | Vaults:5 | Killed Saint Roka
 56432 | Vaults:5 | Identified Diarphoc's Tome of the Blaze and Lightness
 56461 | Vaults:5 | Got a jewelled cloak
 56474 | Vaults:5 | Identified the +1 cloak of the Hippo {rC+ Regen+} (You
                  | found it on level 5 of the Vaults)
 56777 | Vaults:5 | Identified the Almanac of the Escort
 56959 | Vaults:5 | Killed an ancient lich
 56959 | Vaults:5 | Reached skill level 15 in Shields
 57463 | Depths:1 | Entered Level 1 of the Depths
 57489 | Depths:1 | Reached XP level 25. HP: 175/268 MP: 32/32
 57749 | Depths:1 | Found the ring of Robustness {AC+8}
 57857 | Depths:1 | Found Givvaikk's Elemental Accessories.
 58480 | Depths:2 | Reached skill level 15 in Dodging
 58641 | Depths:2 | Found a gateway to Hell.
 58931 | Depths:3 | Reached XP level 26. HP: 259/283 MP: 32/32
 59339 | Depths:2 | Noticed Bai Suzhen
 59356 | Depths:2 | Killed Bai Suzhen
 59436 | Depths:3 | Found a one-way gate to the infinite horrors of the Abyss.
 59453 | Depths:3 | Got a translucent helmet
 59459 | Depths:3 | Identified the +0 helmet of the Trout {rC++} (You found it
                  | on level 3 of the Depths)
 59523 | Depths:3 | You fall into a shaft and drop 2 floors!
 59523 | Depths:5 | Entered Level 5 of the Depths
 59684 | Depths:5 | Found a gateway to a ziggurat.
 59799 | Depths:5 | Found a gate to the Realm of Zot.
 59969 | Zot:1    | Entered Level 1 of the Realm of Zot
 60081 | Zot:1    | Noticed an orb of fire
 60092 | Zot:1    | Gained mutation: Your spells are a little easier to cast,
                  | but a little less powerful. [an orb of fire]
 60102 | Zot:1    | Gained mutation: You are weak. (Str -2) [an orb of fire]
 60103 | Zot:1    | Lost mutation: You are agile. (Dex +2) [an orb of fire]
 60113 | Zot:1    | Killed an orb of fire
 60733 | Zot:2    | Noticed an orb of fire
 60747 | Zot:1    | Gained mutation: Your body sometimes deteriorates upon
                  | taking damage. [an orb of fire]
 60751 | Zot:1    | Gained mutation: Your body often deteriorates upon taking
                  | damage. [an orb of fire]
 60756 | Zot:1    | Killed from afar by an orb of fire

Levels and vault maps discovered:
D:1:      nicolae_arrival_washed_ashore, layout_basic
D:2:      layout_basic, first_ration, chequers_arboretum
D:3:      layout_rooms, ebering_ghost_disaster_area, gup_sewer_entry_glass
D:4:      layout_loops_ring, nicolae_qazlal_general_emergency, serial_shops,
          shop, shop, led_xom_imps, uniq_eustachio, uniq_sigmund, uniq_grinder
D:5:      minmay_goblin_kobold_castle, layout_basic, overflow_temple_1_default,
          minmay_temple_entry_large_hall, serial_shops, shop
D:6:      hangedman_cross_stitches, layout_loops_ring
D:7:      layout_loops_ring, the_bakery
D:8:      layout_basic, hangedman_ru_absence, uniq_harold
D:9:      layout_grid_maze, overflow_temple_1_default,
          grunt_temple_overflow_open, minmay_orc_entry_guard_dogs, uniq_grum
D:10:     layout_irregular_city, erik_lair_orcish_takeover, uniq_urug
D:11:     minmay_diamond_stairs, layout_rooms
D:12:     layout_roguey, basic_altar
D:13:     minmay_quarter_circles, layout_basic, grunt_vaults_entry_tiered,
          enter_trove_6, small_chamber_with_monster, uniq_nessos
D:14:     layout_irregular_city, minmay_fountain_box, biasface_ghost_orc_armoury
D:15:     grunt_enter_depths_hoard, layout_rooms, skrybe_limestone_x
Temple:   regret_index_temple_waves
Lair:1:   layout_small_grid, serial_bayou, serial_bayou_pond_a,
          serial_bayou_shore_a, serial_bayou_lagoon_a, serial_bayou_crossing,
          lemuel_fruit_fields
Lair:2:   layout_gridlike, chequers_serial_rivers_micro_d, guppyfry_lair_drakes,
          lemuel_fruit_tree, grunt_megastairs_2
Lair:3:   layout_hall_layers, shoals_dummy_entry,
          portal_ice_cave_entry_ice_beasts, minmay_hedge_maze, minivault_27,
          st_stairs_9
Lair:4:   layout_gridlike, nicolae_spider_entry_non_spiders, dpeg_oklob_1
Lair:5:   layout_regular_city, minmay_slime_entry_oklob_open
Lair:6:   guppyfry_lair_end_dragon, layout_cave_pods
Shoals:1: cheibrodos_shoals_three_sisters, layout_shoals, st_sunken_huts
Shoals:2: layout_shoals, uniq_polyphemus
Shoals:3: layout_shoals, uniq_ilsuiw
Shoals:4: shoals_end_hangedman, layout_shoals
Spider:1: layout_spider_delve, drop_trap, uniq_aizul
Spider:2: layout_spider_delve
Spider:3: layout_chambers
Spider:4: spider_rune_water, guppyfry_spider_mini_1
Orc:1:    layout_diamond_mine, uniq_jorgrun
Orc:2:    st_orc_congregation, layout_diamond_mine, uniq_donald
Elf:1:    eino_elf_arrival_sip, layout_loops_cross, serial_shops, shop,
          orc_legates, minmay_shop_grove
Elf:2:    layout_geoelf_octagon, serial_shops, shop
Elf:3:    nooodl_elf_gasket, layout_gridlike, patterned_corridor,
          roderic_lattice_octagonal_star
Vaults:1: v_misc_14, v_misc_19, nicolae_vaults_arrows,
          nicolae_vaults_yaktaur_gun_rack, vaults_room_stairs_pillars,
          vaults_room_grid, ontoclasm_vaults_pinch, layout_vaults_big_room,
          serial_shops, shop, shop, nicolae_shop_waterfront
Vaults:2: nicolae_vaults_angled_halls, nicolae_vaults_statue_guard,
          minmay_crypt_entry_necro_gods, nicolae_vaults_circle_grid_a,
          grunt_vaults_twisty, grunt_vaults_hallway_long, vaults_mumra_chevron,
          vaults_mumra_minichess_inversion, v_misc_12, v_alt_pattern_6,
          nicolae_vaults_three_branches, v_misc_1, vaults_room_octagon,
          v_misc_19, layout_vaults_maze_bifur
Vaults:3: hangedman_vaults_trim, nicolae_vaults_circle_grid_b, v_misc_30,
          hangedman_vaults_hard_town_square, vaults_room_fancy_cross,
          ontoclasm_vaults_hangar, v_misc_33, nicolae_vaults_what_the_h,
          nicolae_vaults_shelves_hall, vaults_room_large_hall, v_alt_pattern_3,
          grunt_vaults_hallway_long, layout_vaults_ring, serial_shops, shop,
          nicolae_shop_overgrown_old_shop, shop, nicolae_shop_stone,
          nicolae_shop_stone, uniq_frederick
Vaults:4: nicolae_vaults_holding_cells, v_misc_18,
          ontoclasm_vaults_loading_screen, vaults_room_ringed_pool,
          nicolae_vaults_rhombus_5, nicolae_vaults_little_squares_2,
          ontoclasm_vaults_tryst, layout_vaults_omnicross
Vaults:5: uniq_mara, uniq_saint_roka
Crypt:1:  layout_gridlike, ebering_ghost_inner_flame, grunt_megastairs_3,
          grunt_crypt_arrival_split, uniq_khufu
Depths:1: minmay_tile_spiral, layout_cave_pools, chequers_serial_rivers_micro_e,
          pf_vacation_house_of_asmodeus, nicolae_elemental_shop, st_stairs_11,
          minmay_misc_feat_ornament, minmay_guarded_unrand_robustness,
          serial_bayou_shore_b
Depths:2: regret_index_qazlal_generations, layout_gridville, hell_entry,
          serial_sigils_hangedman_writhe, uniq_bai_suzhen
Depths:3: minmay_the_grid_4x2 [minmay_the_grid_expand,
          minmay_the_grid_diamond_grid, minmay_the_grid_artifice,
          minmay_the_grid_rooms, minmay_the_grid_slots,
          minmay_the_grid_embedded, minmay_the_grid_outer_diamond,
          minmay_the_grid_prize_four_corners], layout_basic,
          grunt_pan_entry_spiral, abyss_entry, grunt_hell_entry_dis_old
Depths:5: grunt_zot_entry_bicorn, layout_gridville, enter_ziggurat_d,
          minmay_room_of_horrors, hangedman_abyss_or_decor_slice, special_room
          [special_room_morgue], pf_hell_entry_tar_river
Zot:1:    layout_misc_corridors, hangedman_zot_decor_checkerboard
Zot:2:    kennysheep_spiral_hall, layout_onion_interference, st_stairs_9

Skill      XL: |  1  2  3  4  5  6  7  8  9 10 11 12 13 14 15 16 17 18 19 20 21 22 23 24 25 26 |
---------------+-------------------------------------------------------------------------------+-----
Axes           | 3 4 5 6 7 8 9 10 11 12 13 14 15 16 17 18 | 18.0
Shields        | 2 3 4 5 6 7 8 9 10 11 12 13 14 15 | 15.0
Fighting       | 3 4 5 6 7 8 9 10 11 12 13 14 15 16 17 18 19 | 19.8
Evocations     | 1 2 3 5 6 8 9 10 11 12 13 14 15 16 17 18 19 | 19.7
Armour         | 3 4 5 6 7 8 9 10 11 12 13 14 15 16 17 | 17.2
Dodging        | 3 5 6 7 8 9 10 11 12 13 14 15 16 | 16.0
Maces & Flails | |  1.0
Stealth        | |  1.5

Action                   |  1- 3 |  4- 6 |  7- 9 | 10-12 | 13-15 | 16-18 | 19-21 | 22-24 | 25-27 || total
-------------------------+-------+-------+-------+-------+-------+-------+-------+-------+-------++-------
Melee: Hand axe          |    80 |   251 |   762 |   535 |    89 |       |       |       |       ||  1717
       War axe           |       |     9 |       |   440 |       |       |       |       |       ||   449
       Unarmed           |       |       |     2 |       |       |       |       |       |       ||     2
       Broad axe         |       |       |       |   284 |   844 |   955 |  1553 |  1204 |   967 ||  5807
       Constrict         |       |       |       |       |   179 |   188 |   343 |   196 |   146 ||  1052
Invok: Potion Petition   |       |       |       |     2 |       |       |       |       |       ||     2
       Call Merchant     |       |       |       |     1 |     3 |     3 |       |       |       ||     7
 Abil: Spit Poison       |    14 |    36 |    17 |     7 |       |       |       |       |       ||    74
       Evoke Berserk Rag |       |       |       |    12 |     4 |     1 |       |       |       ||    17
Evoke: Wand              |       |     2 |    13 |    54 |     5 |     4 |    13 |    14 |    16 ||   121
       Lightning rod     |       |       |       |       |       |       |       |       |     3 ||     3
  Use: Scroll            |       |     6 |     1 |    20 |    16 |     6 |    13 |    10 |     1 ||    73
       Potion            |       |     2 |       |     6 |     2 |       |     7 |       |       ||    17
 Stab: Sleeping          |     1 |       |       |       |       |       |       |       |       ||     1
       Distracted        |       |       |     1 |     4 |     6 |     5 |     8 |    15 |    14 ||    53
       Paralysed         |       |       |     4 |       |       |       |     5 |       |       ||     9
       Confused          |       |       |       |     1 |       |       |       |       |       ||     1
       Invisible         |       |       |       |     6 |       |       |       |       |       ||     6
       Petrified         |       |       |       |       |     2 |       |     1 |       |       ||     3
  Eat: Chunk             |     2 |    10 |    12 |       |       |       |       |       |       ||    24
       Ration            |       |       |     1 |    15 |     9 |     7 |    10 |     6 |     2 ||    50
Armor: Ring mail         |    35 |   163 |       |       |       |       |       |       |       ||   198
       Chain mail        |       |    15 |   451 |   719 |   396 |       |       |       |       ||  1581
       Skin              |       |       |       |    11 |       |       |       |       |       ||    11
       Plate armour      |       |       |       |       |   206 |   618 |  1080 |   386 |   407 ||  2697
Dodge: Dodged            |    19 |    99 |    62 |   206 |   173 |   148 |   390 |   192 |   196 ||  1485
Block: Shield            |    33 |   142 |   350 |   722 |   434 |       |       |       |       ||  1681
       Large shield      |       |       |       |       |   142 |   802 |  1584 |  1023 |   946 ||  4497
